 Dungeon Crawl Stone Soup version 0.31-a0-977-gc230f8ef24 (webtiles) character file.

Game seed: 9205423062135040591

2837 tsujin the Grappler (level 9, 0/68 HPs)
             Began as a Gnoll Shapeshifter on Oct 30, 2023.
             Was an Initiate of Trog.
             Killed from afar by Maggie (28 damage)
             ... with a bolt of fire
             ... on level 7 of the Dungeon.
             The game lasted 00:12:39 (6552 turns).

tsujin the Grappler (Gnoll Shapeshifter)            Turns: 6552, Time: 00:12:40

Health: 0/68       AC: 12    Str: 17    XL:     9   Next: 74%
Magic:  15/15      EV:  7    Int: 10    God:    Trog [......]
Gold:   251        SH:  5    Dex: 12    Spells: 17/17 levels left

rFire   . .          .
                       - Unarmed
rCold   . . .        (no shield)
rNeg    . . .        y - +0 plate armour
rPois   .            (helmet currently unavailable)
rElec   .            (cloak currently unavailable)
rCorr   .            (gloves currently unavailable)
SInv    .            (boots currently unavailable)
Will    +....        n - amulet of reflection Stlth
                     G - ring of willpower
HPRegen 0.31/turn    (no ring)
MPRegen 0.14/turn

%: reflection
@: mighty, beast-form
A: beast (slay +4), fangs 1, strong nose, distributed training
a: Begin Untransformation, Renounce Religion


You were on level 7 of the Dungeon.
You worshipped Trog.
Trog was noncommittal.
You were a hulking beast.
You visited 2 branches of the dungeon, and saw 8 of its levels.
You also visited: Ossuary.

You collected 361 gold pieces.
You spent 110 gold pieces at shops.

Inventory:

Missiles
 q - a throwing net
 v - a poisoned dart (quivered)
Armour
 e - a +1 helmet
 g - a +0 pair of boots
 j - a +0 pair of gloves
 y - a +0 plate armour (worn)
 A - a +0 pair of gloves
 B - a +0 pair of gloves
Jewellery
 n - an amulet of reflection (around neck)
 G - a ring of willpower (left hand)
Talismans
 a - a serpent talisman
 c - a beast talisman
 d - a flux talisman
Wands
 s - a wand of roots (7)
 C - a wand of digging (6)
Scrolls
 k - 2 scrolls of revelation
 l - 2 scrolls of enchant armour {unknown}
 m - 2 scrolls of immolation
 p - 2 scrolls of amnesia
 t - a scroll of teleportation
 z - a scroll of enchant weapon {unknown}
 D - a scroll of fear
 E - a scroll of fog
 F - a scroll of vulnerability
Potions
 b - 2 potions of lignification
 f - 2 potions of ambrosia
 h - a potion of mutation {unknown}
 i - a potion of enlightenment
 o - a potion of degeneration {unknown}
 u - 2 potions of heal wounds
 w - a potion of brilliance {unknown}
 x - 3 potions of curing


   Skills:
 + Level 5.3 Fighting
 + Level 4.6 Short Blades
 + Level 4.6 Long Blades
 + Level 4.6 Axes
 + Level 4.6 Maces & Flails
 + Level 4.6 Polearms
 + Level 4.6 Staves
 + Level 4.6 Ranged Weapons
 + Level 4.6 Throwing
 + Level 4.6 Armour
 + Level 6.6 Dodging
 + Level 4.6 Stealth
 + Level 4.6 Shields
 + Level 8.1 Unarmed Combat
 + Level 4.6 Spellcasting
 + Level 3.8 Conjurations
 + Level 3.8 Hexes
 + Level 3.8 Summonings
 + Level 3.8 Necromancy
 + Level 3.8 Translocations
 + Level 3.8 Transmutations
 + Level 3.8 Fire Magic
 + Level 3.8 Ice Magic
 + Level 3.8 Air Magic
 + Level 3.8 Earth Magic
 + Level 3.8 Poison Magic
 + Level 5.1 Invocations
 + Level 4.6 Evocations
 + Level 7.8 Shapeshifting


You had 17 spell levels left.
You didn't know any spells.
Your spell library contained the following spells:

 Spells                   Type           Power      Damage    Failure   Level
 Apportation              Tloc           20%        N/A       91%         1
 Necrotise                Necr           40%        1d6       91%         1
 Summon Small Mammal      Summ           40%        N/A       91%         1


Dungeon Overview and Level Annotations

Branches:
Dungeon (7/15)             Temple (1/1) D:6         Ossuary (visited)

Altars:
Ashenzari
Cheibriados
Fedhas
Gozag
Kikubaaqudgha
Makhleb
Nemelex Xobeh
Okawaru
Qazlal
Sif Muna
Trog
Uskayaw
Vehumet
Wu Jian
Yredelemnul
The Shining One

Shops:
D:5 ?(

Annotations:
D:4 1 runed translucent door, Crazy Yiuf
D:7 2 runed translucent doors, LeprechaunX's ghost, novice OpSh; Maggie


Innate Abilities, Weirdness & Mutations

You are a hulking beast.
Your limbs bulge with bestial killing power. (Slay +4)
You have very sharp teeth.
Your uncanny sense of smell can sniff out nearby items.
Your experience applies equally to all skills.


Message History

Maggie points at you and mumbles some strange words.
The bolt of fire hits you!
You take 16 damage, and have 52/68 hp.
MASSIVE DAMAGE!!
Throw: 2 darts (poison)
Press: ? - help, Q - select action, (/) - cycle Shift-Dir - straight line, f/p - Maggie
Aim: Maggie, wielding a +0 morningstar of flaming and wearing +0 steam dragon scales (64% to hit)
You throw a poisoned dart. The poisoned dart hits Maggie!
Maggie is poisoned.
Maggie casts a spell at you. The bolt of fire misses you.
There is an open door here.
You feel very mighty all of a sudden.
No target in view!
Maggie hits you with a +0 morningstar of flaming!
Maggie burns you.
There is an open door, spattered with blood here.
You take 11 damage, and have 43/68 hp.
You are too injured to fight recklessly!
You are too injured to fight recklessly!
You are too injured to fight recklessly!
You hit Maggie. Your punch misses Maggie. You bite Maggie.
Maggie is moderately wounded.
Maggie hits you with a +0 morningstar of flaming.
Maggie burns you.
You take 4 damage, and have 39/68 hp.
You punch Maggie!
Maggie is heavily wounded.
Maggie hits you with a +0 morningstar of flaming!
Maggie burns you.
You take 12 damage, and have 27/68 hp.
You closely miss Maggie. Your bite misses Maggie.
Maggie is heavily wounded.
Maggie closely misses you.
You hit Maggie.
Maggie is heavily wounded.
You block Maggie's attack.
You hit Maggie.
Maggie is severely wounded.
Maggie points at you and mumbles some strange words.
The bolt of fire hits you!!
You die...

..#<...#
#.#....#####..
#####.....##..#######
....#.....#......#..#
....#.....+....(.#..#
....#.....#.....##..#
∆
#...#.....#.....##..#
#####.....#.....#...#
.........#....@h...#
..........########..#
....... #..# .......
#..# .....# #..#
.....# #..# .....#
##### ##..# .....#
###.#~###...# .....#
##.~?.~#.#...#


You could see Maggie (poisoned).

Vanquished Creatures
  Pikel (D:4)
  2 sky beasts
  An orc warrior (D:6)
  A black bear (D:7)
  2 ogres (D:5)
  3 phantoms
  4 elf zombies (Ossuary)
  2 elf skeletons (D:4)
  4 scorpions
  2 howler monkeys
  2 centaur zombies (Ossuary)
  2 jellies
  A human zombie (Ossuary)
  3 orc priests (D:4)
  2 sleepcaps (D:6)
  3 human skeletons (D:4)
  3 iguanas
  4 orc wizards
  3 hound zombies (Ossuary)
  3 mummies (Ossuary)
  8 gnolls
  10 adders
  A white imp (D:6)
  An adder zombie (Ossuary)
  2 dart slugs
  33 orcs
  9 endoplasms
  2 giant cockroaches (D:1)
  8 goblins
  10 hobgoblins
  5 jackals
  3 quokkas
  4 ball pythons
  6 bats
  3 frilled lizards (D:1)
  2 gnoll zombies (Ossuary)
  4 goblin zombies (Ossuary)
  4 hobgoblin zombies (Ossuary)
  3 jackal zombies (Ossuary)
  6 kobolds
  2 kobold zombies (Ossuary)
  3 orc zombies
  A quokka zombie (Ossuary)
  3 rats
  5 rat zombies (Ossuary)
186 creatures vanquished.

Notes
Turn   | Place    | Note
-------+----------+-------------------------------------------
     0 | D:1      | tsujin the Gnoll Shapeshifter began the quest for the Orb.
     0 | D:1      | Reached XP level 1. HP: 17/17 MP: 1/1
    75 | D:1      | Reached XP level 2. HP: 20/23 MP: 2/2
   204 | D:1      | Reached XP level 3. HP: 20/28 MP: 3/3
   653 | D:1      | Reached skill level 1 in Invocations
   777 | D:2      | Noticed a phantom
   787 | D:2      | Killed a phantom
   788 | D:2      | Reached skill level 1 in Short Blades
   788 | D:2      | Reached skill level 1 in Long Blades
   788 | D:2      | Reached skill level 1 in Axes
   788 | D:2      | Reached skill level 1 in Maces & Flails
   788 | D:2      | Reached skill level 1 in Polearms
   788 | D:2      | Reached skill level 1 in Staves
   788 | D:2      | Reached skill level 1 in Ranged Weapons
   788 | D:2      | Reached skill level 1 in Throwing
   788 | D:2      | Reached skill level 1 in Armour
   788 | D:2      | Reached skill level 1 in Stealth
   788 | D:2      | Reached skill level 1 in Shields
   788 | D:2      | Reached skill level 1 in Spellcasting
   788 | D:2      | Reached skill level 1 in Conjurations
   788 | D:2      | Reached skill level 1 in Hexes
   788 | D:2      | Reached skill level 1 in Summonings
   788 | D:2      | Reached skill level 1 in Necromancy
   788 | D:2      | Reached skill level 1 in Translocations
   788 | D:2      | Reached skill level 1 in Transmutations
   788 | D:2      | Reached skill level 1 in Fire Magic
   788 | D:2      | Reached skill level 1 in Ice Magic
   788 | D:2      | Reached skill level 1 in Air Magic
   788 | D:2      | Reached skill level 1 in Earth Magic
   788 | D:2      | Reached skill level 1 in Poison Magic
   788 | D:2      | Reached skill level 1 in Evocations
   788 | D:2      | Reached XP level 4. HP: 34/34 MP: 5/5
   877 | D:2      | Reached XP level 5. HP: 40/40 MP: 5/7
   970 | D:2      | Found a faded altar of an unknown god.
  1833 | D:3      | Found a broken altar of Ashenzari.
  2227 | D:3      | Found an iron altar of Okawaru.
  2397 | D:4      | Reached XP level 6. HP: 41/47 MP: 8/8
  2599 | D:4      | Reached skill level 5 in Dodging
  2789 | D:4      | Found a glowing golden altar of the Shining One.
  2847 | D:4      | Reached XP level 7. HP: 49/52 MP: 10/10
  2855 | D:4      | Found a sand-covered staircase.
  2866 | D:4      | Reached skill level 7 in Unarmed Combat
  2869 | Ossuary  | Entered an ossuary
  3202 | Ossuary  | Reached XP level 8. HP: 49/60 MP: 12/12
  3599 | D:4      | Noticed Pikel
  3620 | D:4      | Killed Pikel
  4094 | D:4      | Found a runed translucent door.
  4095 | D:4      | Noticed Crazy Yiuf
  4162 | D:5      | Entered Level 5 of the Dungeon
  4162 | D:5      | Found Geschyen's Antique Weapon Boutique.
  4253 | D:5      | Reached XP level 9. HP: 61/66 MP: 14/14
  4441 | D:5      | Found a sparkling altar of Nemelex Xobeh.
  4457 | D:5      | Found Ewuob's Magic Scroll Boutique.
  4465 | D:5      | Bought a scroll of fear for 44 gold pieces
  4465 | D:5      | Bought a scroll of fog for 44 gold pieces
  4465 | D:5      | Bought a scroll of identify for 22 gold pieces
  4885 | D:6      | Reached skill level 5 in Fighting
  5537 | D:6      | Reached skill level 8 in Unarmed Combat
  5586 | D:6      | Found a staircase to the Ecumenical Temple.
  5618 | Temple   | Entered the Ecumenical Temple
  5661 | Temple   | Became a worshipper of Trog the Wrathful
  6144 | D:7      | Reached skill level 5 in Invocations
  6488 | D:7      | Found a large runed translucent door.
  6489 | D:7      | Found a large runed translucent door.
  6514 | D:7      | Noticed LeprechaunX's ghost (novice OpSh)
  6538 | D:7      | Noticed Maggie
  6552 | D:7      | Killed from afar by Maggie

Illustrated notes

Levels and vault maps discovered:
D:1:      dpeg_arrival_more_subterranean_lakeside_camping, layout_rooms,
          serial_forest, infiniplex_forest_clump_small,
          infiniplex_forest_zigzag_1, infiniplex_forest_lined_3,
          infiniplex_forest_pool, infiniplex_forest_end_3
D:2:      layout_basic, basic_ecumenical_altar, kennysheep_decorative_pillar
D:3:      layout_loops_cross, nicolae_ashenzari_panopticon, okawaru_trees_1,
          grunt_decor_one_mirror
D:4:      layout_loops_ring, tso_metal_star, nicolae_ossuary_entry_catacombs,
          uniq_crazy_yiuf_cottage, uniq_pikel
D:5:      layout_rooms, nemelex_xobeh_ov_fountains_minmay, serial_shops,
          nicolae_shop_peninsula, shop, minmay_misc_feat_hallway,
          minmay_diced_spiral
D:6:      layout_loops_cross, minmay_temple_entry_statues_pillars,
          minmay_stone_trees_small
D:7:      layout_gridville, minitemple, ebering_ghost_disaster_area, uniq_maggie
Temple:   minmay_temple_forest_path

Skill      XL: |  1  2  3  4  5  6  7  8  9 |
---------------+----------------------------+-----
Invocations    | 1 2 3 4 5 |  5.1
Short Blades   | 1 2 3 4 |  4.6
Long Blades    | 1 2 3 4 |  4.6
Axes           | 1 2 3 4 |  4.6
Maces & Flails | 1 2 3 4 |  4.6
Polearms       | 1 2 3 4 |  4.6
Staves         | 1 2 3 4 |  4.6
Ranged Weapons | 1 2 3 4 |  4.6
Throwing       | 1 2 3 4 |  4.6
Armour         | 1 2 3 4 |  4.6
Stealth        | 1 2 3 4 |  4.6
Shields        | 1 2 3 4 |  4.6
Spellcasting   | 1 2 3 4 |  4.6
Conjurations   | 1 2 3 |  3.8
Hexes          | 1 2 3 |  3.8
Summonings     | 1 2 3 |  3.8
Necromancy     | 1 2 3 |  3.8
Translocations | 1 2 3 |  3.8
Transmutations | 1 2 3 |  3.8
Fire Magic     | 1 2 3 |  3.8
Ice Magic      | 1 2 3 |  3.8
Air Magic      | 1 2 3 |  3.8
Earth Magic    | 1 2 3 |  3.8
Poison Magic   | 1 2 3 |  3.8
Evocations     | 1 2 3 4 |  4.6
Fighting       | 3 4 5 |  5.3
Dodging        | 5 6 |  6.6
Unarmed Combat | 7 8 |  8.1
Shapeshifting  | 7 |  7.8

Action                     |  1- 3 |  4- 6 |  7- 9 || total
---------------------------+-------+-------+-------++-------
  Melee: Unarmed           |    53 |   114 |   376 ||   543
         Bite              |     3 |    14 |    38 ||    55
         Punch             |     1 |     4 |    27 ||    32
  Throw: Dart              |       |       |    10 ||    10
    Use: Scroll            |     3 |     1 |     8 ||    12
         Potion            |     1 |     1 |     3 ||     5
 Armour: Animal skin       |    24 |       |       ||    24
         Chain mail        |     3 |    60 |   141 ||   204
         Plate armour      |       |       |    93 ||    93
  Dodge: Dodged            |    34 |    40 |    94 ||   168
  Block: Other             |       |    15 |    58 ||    73
         Reflection        |       |     1 |       ||     1

Table legend: (Time is in decaauts)
 A = Elapsed time spent in this place.
 B = Non-inter-level travel time spent in this place.
 C = Inter-level travel time spent in this place.
 D = Time resting spent in this place.
 E = Time spent auto-exploring this place.
 F = Levels seen in this place.
 G = Mean time per level.
                   A        B        C        D        E       F      G
               +--------+--------+--------+--------+--------+-----+--------+
         Total |   6480 |   6175 |    305 |    478 |   3979 |   9 |  720.0 |
       Dungeon |   5843 |   5616 |    227 |    451 |   3704 |   7 |  834.7 |
        Temple |     86 |      8 |     78 |      0 |      0 |   1 |   86.0 |
       Ossuary |    551 |    551 |      0 |     27 |    275 |   1 |  551.0 |
               +--------+--------+--------+--------+--------+-----+--------+

Top non-repeatable levels by time:
     D:4: 1212 daAuts
     D:6: 1119 daAuts
     D:2: 992 daAuts
     D:1: 697 daAuts
     D:3: 670 daAuts
     D:5: 666 daAuts
 Ossuary: 551 daAuts
     D:7: 484 daAuts
  Temple: 86 daAuts
